 Dungeon Crawl Stone Soup version 0.25-a0-294-gea9b1ad378 (webtiles) character file.

Game seed: 8902321882450180595, levelgen mode: classic

231 Borgoz the Cudgeler (level 6, 0/37 HPs)
             Began as a Gargoyle Berserker on Dec 19, 2019.
             Was a Believer of Trog.
             Slain by Grinder (8 damage)
             ... while paralysed by Grinder
             ... on level 3 of the Dungeon.
             The game lasted 00:02:52 (1827 turns).

Borgoz the Cudgeler (Gargoyle Berserker)            Turns: 1827, Time: 00:02:53

Health: 0/37       AC:  7    Str: 20    XL:     6   Next: 3%
Magic:  6/6        EV:  2    Int:  8    God:    Trog [**....]
Gold:   168        SH:  0    Dex: 11    Spells: 5/5 levels left

rFire    . . .     SeeInvis .   a - +0 mace
rCold    . . .     Gourm    .   (no shield)
rNeg     + . .     Faith    .   b - +0 animal skin
rPois    ∞         Spirit   .   (no helmet)
rElec    +         Reflect  .   (no cloak)
rCorr    .         Harm     .   (no gloves)
MR       .....                  w - +0 pair of boots
Stlth    +.........             e - amulet of the acrobat
HPRegen  0.12/turn              (no ring)
MPRegen  0.10/turn              (no ring)

@: paralysed, berserk cooldown, slowed
A: negative energy resistance 1, electricity resistance, unbreathing,
petrification resistance, rot immunity, AC +4
a: Berserk, Trog's Hand, Renounce Religion


You were on level 3 of the Dungeon.
You worshipped Trog.
Trog was pleased with you.
You were hungry.

You visited 1 branch of the dungeon, and saw 3 of its levels.

You collected 168 gold pieces.

Inventory:

Hand Weapons
 a - a +0 mace (weapon)
Armour
 b - a +0 animal skin (worn)
 w - a +0 pair of boots (worn)
Jewellery
 e - an amulet of the acrobat (around neck)
Scrolls
 d - a scroll of magic mapping {unknown}
 f - a scroll of fear {unknown}
 g - 2 scrolls of enchant weapon {unknown}
 l - a scroll of fog {unknown}
 n - 2 scrolls of identify {unknown}
 p - a scroll of blinking {unknown}
 s - a scroll of enchant armour {unknown}
 u - a scroll of teleportation {unknown}
Potions
 h - a potion of might {unknown}
 i - 2 potions of heal wounds
 k - a potion of curing {unknown}
 m - a potion of agility {unknown}
 o - a potion of flight {unknown}
 q - a potion of resistance {unknown}
 r - a potion of lignification {unknown}
 t - a potion of degeneration {unknown}
 v - a potion of cancellation {unknown}
Comestibles
 c - 5 rations


   Skills:
 - Level 3.2 Fighting
 + Level 4.4 Maces & Flails
 + Level 4.2 Armour
 + Level 3.1 Dodging


You had 5 spell levels left.
You didn't know any spells.
Your spell library was empty.

Dungeon Overview and Level Annotations

Branches:
Dungeon (3/15)

Altars:
Gozag

Shops:
D:3 *

Annotations:
D:3 Grinder


Innate Abilities, Weirdness & Mutations

You are resistant to torment.
Your stone body is resilient. (AC +4)
You are immune to poison.
You resist negative energy. (rN+)
You are resistant to electric shocks. (rElec)
You can survive without breathing.
You are immune to petrification.
You are immune to rotting.


Message History

You feel less resistant to hostile enchantments.
Grinder blinks!
Grinder hits you but does no damage.
You barely miss Grinder.
Grinder is severely wounded.
Grinder misses you. Grinder hits you.
You hit Grinder.
Grinder is severely wounded.
Grinder misses you.
You hit Grinder.
Grinder is almost dead.
Grinder gestures at you. Pain shoots through your body!
* * * LOW HITPOINT WARNING * * *
Grinder gestures at you.
You suddenly lose the ability to move!
All of the chunks of flesh in your inventory have rotted away.
Grinder hits you but does no damage. Grinder hits you!
You die...

###### ###....#
###......# #...#....###
#..#....≈≈≈#
#≈.#....≈####
#≈≈#...@....#
##≈≈#.5.....#
#.≈#.≈.....#####
####..[≈.........#
#≈≈≈..≈≈.....###.########
###≈..≈......###.........
#≈.≈≈......#....>......
#.≈≈....#......#...≈...
##≈.......<..#.####≈...


You could see Grinder.

Vanquished Creatures
  Jessica (D:3)
  Natasha (thrice) (D:3)
  Terence (D:2)
  A worker ant (D:2)
  2 adders (D:2)
  2 oozes
  A worm (D:3)
  A dart slug (D:1)
  A leopard gecko (D:3)
  7 bats
  4 giant cockroaches
  4 hobgoblins
  4 jackals (D:2)
  2 quokkas (D:2)
  5 frilled lizards
  6 goblins
  2 kobolds
  5 rats
52 creatures vanquished.

Notes
Turn   | Place    | Note
-------+----------+-------------------------------------------
     0 | D:1      | Borgoz the Gargoyle Berserker began the quest for the Orb.
     0 | D:1      | Reached XP level 1. HP: 14/14 MP: 1/1
   413 | D:1      | Reached XP level 2. HP: 19/19 MP: 2/2
  1039 | D:2      | Reached XP level 3. HP: 20/23 MP: 3/3
  1040 | D:2      | Noticed Terence
  1048 | D:2      | Killed Terence
  1049 | D:2      | Reached XP level 4. HP: 28/28 MP: 4/4
  1223 | D:2      | Reached ** piety under Trog
  1519 | D:3      | Noticed Natasha
  1521 | D:3      | Noticed Jessica
  1526 | D:3      | Killed Natasha
  1526 | D:3      | Reached XP level 5. HP: 32/32 MP: 5/5
  1528 | D:3      | Killed Jessica
  1630 | D:3      | Found Gozag's Platinum Reserve.
  1630 | D:3      | Found an opulent altar of Gozag.
  1667 | D:3      | Noticed Natasha
  1679 | D:3      | Killed Natasha
  1717 | D:3      | Noticed Natasha
  1734 | D:3      | Killed Natasha
  1734 | D:3      | Reached XP level 6. HP: 27/37 MP: 6/6
  1795 | D:3      | Noticed Grinder
  1801 | D:3      | Paralysed by Grinder for 2 turns
  1810 | D:3      | Paralysed by Grinder for 3 turns
  1825 | D:3      | Paralysed by Grinder for 6 turns
  1827 | D:3      | Slain by Grinder

Levels and vault maps discovered:
D:1:      roderic_dead_forest, layout_loops_ring
D:2:      layout_rooms, minmay_between, uniq_terence
D:3:      layout_basic, grunt_temple_overflow_growth_and_decay,
          nicolae_gozag_zags_fifth_avenue, lemuel_doored_altar,
          lemuel_crystal_altar, chequers_ecumenical_altar_lobes, serial_rivers,
          chequers_serial_rivers_room_a, chequers_serial_rivers_small_b,
          chequers_serial_rivers_micro_a, chequers_serial_rivers_small_b,
          chequers_serial_rivers_micro_c, corexii_corridor_pit, uniq_jessica,
          uniq_ijyb, uniq_natasha, uniq_grinder

Skill      XL: |  1  2  3  4  5 |
---------------+----------------+-----
Dodging        | 2 3 |  3.1
Armour         | 3 4 |  4.2
Maces & Flails | 4 |  4.4
Fighting       | |  3.2

Action                   |  1- 3 |  4- 6 || total
-------------------------+-------+-------++-------
Melee: Mace              |    59 |   142 ||   201
Invok: Berserk           |     1 |     3 ||     4
       Trog's Hand       |       |     2 ||     2
 Stab: Sleeping          |     1 |       ||     1
  Eat: Chunk             |       |     7 ||     7
Armor: Animal skin       |    20 |    64 ||    84
Dodge: Dodged            |    58 |   141 ||   199

Table legend:
 A = Non-vault XP
 B = Vault XP
 C = Vault XP percentage of total XP
 D = Non-vault monster count
 E = Vault monster count
 F = Vault count percentage of total count
                 A         B        C        D         E       F
            +---------+---------+-------+---------+---------+-------
      Total |     215 |     115 |  34.8 |      46 |       6 |  11.5
            +---------+---------+-------+---------+---------+-------
        D:1 |      31 |       0 |   0.0 |      15 |       0 |   0.0
        D:2 |      89 |      42 |  32.1 |      17 |       4 |  19.0
        D:3 |      95 |      73 |  43.5 |      14 |       2 |  12.5
            +---------+---------+-------+---------+---------+-------
